 Dungeon Crawl Stone Soup version 0.31.0-11-ge490571c62 (webtiles) character file.

Game seed: 6292139306358871508

6 qw the Shooter (level 1, -1/12 HPs)
             Began as a Deep Elf Hunter on Feb 4, 2024.
             Slain by a goblin
             ... wielding a +0 club
              (4 damage)
             ... on level 1 of the Dungeon.
             The game lasted 00:00:03 (51 turns).

qw the Shooter (Deep Elf Hunter)                      Turns: 51, Time: 00:00:04

Health: -1/12      AC:  3    Str:  8    XL:     1   Next: 75%
Magic:  3/3        EV:  9    Int: 13    God:
Gold:   0          SH:  0    Dex: 18    Spells: 0/0 levels left

rFire   . . .        a - +0 shortbow
rCold   . . .        (shield currently unavailable)
rNeg    . . .        c - +0 leather armour
rPois   .            (no helmet)
rElec   .            (no cloak)
rCorr   .            (no gloves)
SInv    .            (no boots)
Will    .....        (no amulet)
Stlth   ++           (no ring)
HPRegen 0.22/turn    (no ring)
MPRegen 0.08/turn

%: no passive effects
@: constricted
A: no striking features
a: no special abilities


You were on level 1 of the Dungeon.
You visited 1 branch of the dungeon, and saw 1 of its levels.


   Skills:
 - Level 1.5 Fighting
 + Level 5.8 Ranged Weapons
 - Level 2.4 Dodging
 - Level 1.2 Stealth


You couldn't memorise any spells.
You didn't know any spells.
Your spell library was empty.

Inventory:

Hand Weapons
 a - a +0 shortbow (weapon)
Armour
 c - a +0 leather armour (worn)
Scrolls
 b - a scroll of butterflies
 d - a scroll of teleportation {unknown}

Dungeon Overview and Level Annotations

Branches:
Dungeon (1/15)

Altars:


Message History

The jackal bites you.
You shoot an arrow. The arrow barely misses the jackal.
The jackal barely misses you. The jackal misses you.
43 ||| RETREEEEATING.
You see here a hobgoblin corpse.
You shoot an arrow. The arrow hits the jackal.
You kill the jackal!
The goblin hits you with a +0 club.
You shoot an arrow.
The arrow hits the jackal but does no damage.
The goblin completely misses you. The jackal misses you.
The goblin hits you but does no damage. The jackal barely misses you.
You shoot an arrow. The arrow hits the jackal.
The jackal is lightly wounded.
The jackal closely misses you. The goblin closely misses you.
You shoot an arrow. The arrow closely misses the jackal.
The jackal barely misses you. The goblin hits you but does no damage.
The jackal bites you.
You shoot an arrow. The arrow barely misses the jackal.
The jackal misses you. The goblin barely misses you.
The ball python completely misses you. The ball python closely misses you.
The jackal closely misses you.
You shoot an arrow. The arrow hits the jackal.
The jackal is severely wounded.
The ball python barely misses you. x2; The goblin barely misses you.
The jackal misses you.
You shoot an arrow. The arrow barely misses the jackal.
You hear a bark!
The ball python bites you but does no damage.
The ball python barely misses you. The jackal bites you.
The goblin barely misses you.
The ball python bites you but does no damage.
The ball python grabs you. The ball python constricts you.
The jackal bites you.
You shoot an arrow.
The arrow hits the ball python but does no damage.
The goblin hits you but does no damage.
The jackal bites you but does no damage.
The ball python bites you. The ball python constricts you.
The goblin hits you with a +0 club.
You die...

~# ~# #### ~#
######.... ~#
#######......... ~#
##..........#... ~#
#####..###......#######
~###.....##
#....l........
~#...#####
####Sh.##..... .#..##
#@#%# .... 8...#
#g#.hS%h... ..###
..?..#l...h .## ..##.##
...h ## ... #.# ...
###. #.# ## .. #.# ##
#.#


You could see a jackal, a goblin, a ball python and a frilled lizard.

Vanquished Creatures
  A goblin (D:1)
  2 hobgoblins (D:1)
  A jackal (D:1)
  A ball python (D:1)
5 creatures vanquished.

Notes
Turn   | Place    | Note
-------+----------+-------------------------------------------
     0 | D:1      | qw the Deep Elf Hunter began the quest for the Orb.
     0 | D:1      | Reached XP level 1. HP: 12/12 MP: 3/3
     0 | D:1      | 0 ||| qw: Version: 0.3-a-160-g6735b56
     0 | D:1      | 0 ||| qw: Game counter: 5975
     0 | D:1      | 0 ||| qw: Melee chars always use a shield: true
     0 | D:1      | 0 ||| qw: God list: Okawaru
     0 | D:1      | 0 ||| qw: Allow faded altars: false
     0 | D:1      | 0 ||| qw: Do Orc after clearing Dungeon:15 true
     0 | D:1      | 0 ||| qw: Do second Lair branch before Depths: true
     0 | D:1      | 0 ||| qw: Lair rune preference: random
     0 | D:1      | 0 ||| qw: Goals: Normal
     0 | D:1      | 0 ||| PLANNING D:1-11
    38 | D:1      | 38 ||| RETREEEEATING.
    43 | D:1      | 43 ||| RETREEEEATING.
    51 | D:1      | HP: 3/12 [constriction (1)]
    51 | D:1      | Slain by a goblin

Levels and vault maps discovered:
D:1:      psy_arrival_whirlpool, layout_rooms, serial_shops, shop,
          chequers_serial_rivers_micro_e

Action                     || total
---------------------------++-------
   Fire: Shortbow          ||    19
 Armour: Leather armour    ||    13
  Dodge: Dodged            ||    19

Table legend:
 A = Non-vault XP
 B = Vault XP
 C = Vault XP percentage of total XP
 D = Non-vault monster count
 E = Vault monster count
 F = Vault count percentage of total count
                 A         B        C        D         E       F
            +---------+---------+-------+---------+---------+-------
      Total |       9 |       0 |   0.0 |       5 |       0 |   0.0
            +---------+---------+-------+---------+---------+-------
        D:1 |       9 |       0 |   0.0 |       5 |       0 |   0.0
            +---------+---------+-------+---------+---------+-------
